 Dungeon Crawl Stone Soup version bcrawl-1.37.2 (webtiles) character file.

Game seed: 10436449669860062070

148763 Mehrunes the Magician (level 3, -1/19 HPs)
             Began as an Avariel Wizard on Nov 1, 2022.
             Slain by Terence
             ... wielding a +0 trident of flaming
              (3 damage)
             ... on level 2 of the Dungeon.
             The game lasted 00:02:13 (992 turns).

Mehrunes the Magician (Avariel Wizard)               Turns: 992, Time: 00:02:14

Health: -1/19      AC:  2    Str:  5    XL:     3   Next: 91%
Magic:  0/12       EV: 12    Int: 24    God:
Gold:   30         SH:  0    Dex: 11    Spells: 6/13 levels left

rFire    . . .     GDR:     23% h - -2 whip (curse)
rCold    . . .     SeeInvis .   (no shield)
rNeg     . . .     Gourm    .   b - +0 robe
rPois    .         Faith    .   c - +0 hat
rElec    .         Spirit   .   (no cloak)
rCorr    .         Reflect  .   (no gloves)
MR       .....                  (no boots)
Stlth    ++........             (no amulet)
HPRegen  0.13/turn              (no ring)
MPRegen  0.13/turn              (no ring)

@: no status effects
A: no striking features
a: no special abilities


You were on level 2 of the Dungeon.
You were not hungry.

You visited 1 branch of the dungeon, and saw 2 of its levels.

You collected 30 gold pieces.

Inventory:

Hand Weapons
 a - a +0 staff
 h - a cursed -2 whip (weapon)
 l - a +2 dagger of draining
Armour
 b - a +0 robe (worn)
 c - a +0 hat (worn)
Scrolls
 d - a scroll of teleportation {unknown}
 g - a scroll of remove curse {unknown}
Potions
 f - a potion of brilliance
 i - a potion of degeneration {unknown}
 k - a potion of curing {unknown}
Comestibles
 e - a ration {!d}
 j - 7 chunks of flesh


   Skills:
 - Level 2.1 Dodging
 - Level 2.1 Stealth
 + Level 5.9 Spellcasting
 - Level 1.3 Conjurations
   Level 1.2 Summonings
   Level 0.8 Translocations


You had 6 spell levels left.
You knew the following spells:

 Your Spells              Type           Power        Failure   Level  Hunger
a - Magic Dart            Conj           ##..         4%          1    None
b - Conjure Flame         Conj/Fire      ##......     19%         3    ##.....
c - Mephitic Cloud        Conj/Pois/Air  #.......     21%         3    ##.....

Your spell library contained the following spells:

 Spells                   Type           Power        Failure   Level  Hunger
 Call Imp                 Summ           ##....       8%          2    None
 Blink                    Tloc           N/A          9%          2    None
 Spider Form              Tmut/Pois      #..          24%         3    ##.....


Dungeon Overview and Level Annotations

Branches:
Dungeon (2/12)

Altars:

Annotations:
D:2 exclusions: kobold, upstairs and 20 more exclusions, Terence


Message History

The kobold completely misses you.
There is a stone staircase leading up here.
Casting: Magic Dart (safe; 4% risk of failure)
Confirm with . or Enter, or press ? or * to list all spells.
Aiming: Magic Dart (safe; 4% risk of failure)
Press: ? - help, Shift-Dir - straight line, f - kobold
Aim: a kobold, wielding a +0 club The magic dart hits the kobold but does no damage.
Casting: Magic Dart (safe; 4% risk of failure)
Confirm with . or Enter, or press ? or * to list all spells.
Aiming: Magic Dart (safe; 4% risk of failure)
Press: ? - help, Shift-Dir - straight line, f/p - kobold
Aim: a kobold, wielding a +0 club The magic dart hits the kobold.
The kobold is moderately wounded.
The kobold barely misses you.
Terence hits you from afar with a +0 trident of flaming!
* * * LOW HITPOINT WARNING * * *
Terence burns you.
You die...

#††##.# #..##.###
#..##.<.#
#..####.# #..#
#.# ####..# #@#
#.....# #.#
#.##..####.####..
#
#...@K@........#
#.#.#######.#.##
.....# # ###.###
#. .. ##.


You could see Terence and a kobold.

Vanquished Creatures
  Jessica (D:2)
  A worm (D:2)
  A dart slug (D:1)
  A leopard gecko (D:1)
  2 ball pythons (D:1)
  A giant cockroach (D:2)
  2 hobgoblins (D:1)
  2 jackals (D:1)
  A quokka (D:2)
  5 bats
  3 frilled lizards (D:1)
  3 rats (D:1)
23 creatures vanquished.

Notes
Turn   | Place    | Note
-------+----------+-------------------------------------------
     0 | D:1      | Mehrunes the Avariel Wizard began the quest for the Orb.
     0 | D:1      | Reached XP level 1. HP: 10/10 MP: 7/7
   344 | D:1      | Reached XP level 2. HP: 15/15 MP: 1/9
   596 | D:1      | Reached skill level 5 in Spellcasting
   789 | D:2      | Reached XP level 3. HP: 17/19 MP: 1/11
   833 | D:2      | Noticed Jessica
   840 | D:2      | Killed Jessica
   879 | D:2      | Learned a level 3 spell: Conjure Flame
   883 | D:2      | Learned a level 3 spell: Mephitic Cloud
   910 | D:2      | Noticed Terence
   992 | D:2      | Slain by Terence

Skill      XL: |  1  2 |
---------------+-------+-----
Spellcasting   | 5 |  5.9
Dodging        | |  2.1
Stealth        | |  2.1
Conjurations   | |  1.3
Summonings     | |  1.2
Translocations | |  0.8

Action                   || total
-------------------------++-------
Melee: Whip              ||     1
 Cast: Magic Dart        ||    73
       Conjure Flame     ||     1
  Eat: Chunk             ||     1
Armor: Robe              ||     5
Dodge: Dodged            ||    27
